 Dungeon Crawl Stone Soup version 0.30-a0-1157-g2cc9ac7196 (webtiles) character file.

Game seed: 14876163539937594393

1734456 cojito the Slayer (level 26, 266/266 HPs)
             Began as a Naga Venom Mage on Apr 24, 2023.
             Was the Champion of Cheibriados.
             Escaped with the Orb
             ... and 3 runes on Apr 25, 2023!
             The game lasted 03:37:00 (60807 turns).

cojito the Slayer (Naga Venom Mage)                Turns: 60807, Time: 03:37:01

Health: 266/266    AC: 42    Str: 35      XL:     26   Next: 26%
Magic:  38/39      EV: 21    Int: 36      God:    Cheibriados [******]
Gold:   3346       SH: 11    Dex: 32 (33) Spells: 16/49 levels left

rFire   + + .        b - staff of earth
rCold   + . .        j - +1 buckler {rF+}
rNeg    . . .        Y - +10 plate armour "Sekuk" {rElec SInv}
rPois   +            I - +2 hat {Will+}
rElec   +            X - scarf of the Moon {rC+ rF+, rPois Str+3 Int-5}
rCorr   .            y - +1 pair of gloves of Amyeptom {+Blink Regen+ Int+4 Dex+3}
SInv    +            x - +2 barding
Will    ++++.        M - amulet of Vitality {RegenMP++ Regen++}
Stlth   +            R - +5 ring of evasion
HPRegen 3.84/turn    f - ring of the Mage {Wiz Archmagi}
MPRegen 1.06/turn

%: wizardry (x1), archmagi
@: very slow
A: AC +8, large, see invisible, deformed body, poison resistance, slowness 2,
spit poison 1, naga tail 2, agile 1, regeneration 1, strong 1, wild magic 1
0: Orb of Zot
}: 3/15 runes: barnacled, silver, gossamer
a: Spit Poison, Renounce Religion, Evoke Blink, Bend Time, Temporal Distortion,
Slouch, Step From Time


You escaped.
You worshipped Cheibriados.
Cheibriados was exalted by your worship.
You visited 10 branches of the dungeon, and saw 48 of its levels.
You also visited: Ice Cave and Volcano.

You collected 7670 gold pieces.
You spent 4324 gold pieces at shops.

Inventory:

Hand Weapons
 a - a +9 heavy quick blade
Missiles
 r - 10 throwing nets (quivered)
 v - 23 javelins
Armour
 i - a +2 robe of resistance
 j - a +1 buckler of fire resistance (worn)
 n - a +0 kite shield of reflection
 x - a +2 barding (worn)
 y - the +1 pair of gloves of Amyeptom (worn) {+Blink Regen+ Int+4 Dex+3}
   (You bought it in a shop on level 2 of the Orcish Mines)

   Int:       It affects your intelligence (+4).
   Dex:       It affects your dexterity (+3).
   +Blink:    It lets you blink.
   Regen:     It increases your rate of health regeneration.
 I - a +2 hat of willpower (worn)
 O - the +1 cloak of the Bulwark {rCorr Slay+2 Stlth+}
   (You found it on level 3 of the Vaults)

   Slay:      It affects your accuracy & damage with ranged weapons and melee
   (+2).
   rCorr:     It protects you from acid and corrosion.
   Stlth:     It makes you more stealthy.
 X - the scarf of the Moon (worn) {rC+ rF+, rPois Str+3 Int-5}
   (You acquired it on level 2 of the Elven Halls)

   Str:       It affects your strength (+3).
   Int:       It affects your intelligence (-5).
   rPois:     It protects you from poison.
 Y - the +10 plate armour "Sekuk" (worn) {rElec SInv}
   (You found it on level 4 of the Lair of Beasts)

   rElec:     It insulates you from electricity.
   SInv:      It lets you see invisible.
Magical Staves
 b - a staff of earth (weapon)
Jewellery
 f - the ring of the Mage (right hand) {Wiz Archmagi}
   (You bought it in a shop on level 2 of the Orcish Mines)

   [ring of wizardry]

   It improves your spell success rate.
   Archmagi:  It increases the power of your magical spells.
 h - a ring of protection from cold
 l - a ring of willpower
 q - a ring of protection from fire
 A - a ring of positive energy
 M - the amulet of Vitality (around neck) {RegenMP++ Regen++}
   (You found it on level 4 of the Shoals)

   [amulet of magic regeneration]

   It increases your rate of magic regeneration.
   Regen:     It increases your rate of health regeneration.
 R - a +5 ring of evasion (left hand)
Wands
 o - a wand of digging (2)
 w - a wand of light (14)
 B - a wand of roots (50)
 G - a wand of mindburst (15)
 N - a wand of polymorph (27)
 U - a wand of paralysis (39)
 W - a wand of flame (91)
Scrolls
 c - 8 scrolls of immolation
 d - 4 scrolls of amnesia
 e - 14 scrolls of blinking
 g - 31 scrolls of identify
 F - 7 scrolls of fog
 H - 6 scrolls of poison
 L - 11 scrolls of teleportation
 T - 2 scrolls of fear
Potions
 k - 7 potions of might
 m - 3 potions of invisibility
 p - 8 potions of flight
 t - 10 potions of brilliance
 u - 5 potions of cancellation
 C - a potion of resistance
 D - 15 potions of heal wounds
 E - 12 potions of mutation
 J - 4 potions of magic
 K - 2 potions of ambrosia
 P - 11 potions of curing
 Q - 5 potions of lignification
 Z - 5 potions of berserk rage
Miscellaneous
 s - a phial of floods


   Skills:
 + Level 21.0 Fighting
 - Level 12.0 Short Blades
 - Level 12.5 Armour
 + Level 13.0 Dodging
 - Level 10.0 Stealth
 + Level 12.8 Shields
 - Level 12.1 Spellcasting
 + Level 16.9 Conjurations
 + Level 13.6 Hexes
 - Level 1.0 Transmutations
 - Level 9.7 Fire Magic
 + Level 16.4 Earth Magic
 - Level 12.0 Poison Magic
 - Level 10.0 Invocations


You had 16 spell levels left.
You knew the following spells:

 Your Spells              Type           Power      Damage    Failure   Level
a - Sticky Flame          Conj/Fire      100%       2d11      1%          4
b - Iron Shot             Conj/Erth      80%        9d15      1%          6
c - Mephitic Cloud        Conj/Pois/Air  100%       N/A       1%          3
d - Olgreb's Toxic Radia  Pois           100%       N/A       1%          4
e - Yara's Violent Unrav  Hex/Tmut       49%        3d19      9%          5
f - Ignite Poison         Fire/Tmut/Pois 99%        N/A       1%          3
g - Flame Wave            Conj/Fire      100%       2d21      1%          4
h - Leda's Liquefaction   Hex/Erth       77%        N/A       1%          4

Your spell library contained the following spells:

 Spells                   Type           Power      Damage    Failure   Level
 Kiss of Death            Conj/Necr      100%       2d13      1%          1
 Magic Dart               Conj           100%       1d8       1%          1
 Sandblast                Erth           100%       2d20      1%          1
 Sting                    Tmut/Pois      100%       1d8       1%          1
 Ensorcelled Hibernation  Hex/Ice        100%       N/A       1%          2
 Momentum Strike          Conj/Tloc      100%       3d10      1%          2
 Passwall                 Tmut/Erth      100%       N/A       1%          2
 Poisonous Vapours        Pois/Air       100%       N/A       1%          2
 Confusing Touch          Hex            100%       N/A       1%          3
 Dazzling Flash           Conj/Hex       100%       N/A       1%          3
 Hailstorm                Conj/Ice       100%       3d20      1%          3
 Inner Flame              Hex/Fire       100%       N/A       1%          3
 Portal Projectile        Hex/Tloc       100%       N/A       1%          3
 Spider Form              Tmut/Pois      93%        N/A       1%          3
 Tukima's Dance           Hex            100%       N/A       1%          3
 Petrify                  Tmut/Erth      100%       N/A       1%          4
 Iskenderun's Battlesphe  Conj           100%       2d15      1%          5
 Cigotuvi's Dreadful Rot  Necr/Pois/Air  100%       N/A       2%          2
 Volatile Blastmotes      Fire/Tloc      100%       2d18      2%          3
 Animate Armour           Summ/Erth      100%       N/A       2%          4
 Iskenderun's Mystic Bla  Conj/Tloc      100%       2d19      2%          4
 Beastly Appendage        Tmut           100%       N/A       4%          1
 Anguish                  Hex/Necr       47%        N/A       4%          4
 Starburst                Conj/Fire      62%        6d16      4%          6
 Arcjolt                  Conj/Air       51%        1d61      5%          5
 Necrotise                Necr           100%       1d9       6%          1
 Lesser Beckoning         Tloc           84%        N/A       9%          2
 Metabolic Englaciation   Hex/Ice        47%        N/A       10%         5
 Summon Mana Viper        Hex/Summ       95%        N/A       10%         5
 Call Canine Familiar     Summ           42%        N/A       16%         3
 Gell's Gravitas          Tloc           42%        N/A       16%         3
 Teleport Other           Tloc           42%        N/A       16%         3
 Vampiric Draining        Necr           42%        2d9       16%         3
 Enfeeble                 Hex            62%        N/A       16%         7
 Statue Form              Tmut/Erth      85%        N/A       21%         6
 Ice Form                 Ice/Tmut       49%        N/A       38%         4
 Animate Dead             Necr           42%        N/A       43%         4
 Dispel Undead            Necr           42%        3d17      43%         4
 Passage of Golubria      Tloc           42%        N/A       43%         4
 Summon Ice Beast         Ice/Summ       42%        N/A       43%         4
 Eringya's Noxious Bog    Tmut/Pois      46%        N/A       45%         6
 Blade Hands              Tmut           27%        N/A       63%         5
 Agony                    Necr           42%        N/A       75%         5
 Summon Forest            Summ/Tloc      21%        N/A       75%         5
 Spellforged Servitor     Conj/Summ      51%        N/A       75%         7
 Simulacrum               Ice/Necr       21%        N/A       99%         6
 Summon Cactus Giant      Summ           21%        N/A       99%         6
 Ignition                 Fire           54%        3d15      99%         8
 Shatter                  Erth           80%        3d58*     99%         9
 Malign Gateway           Summ/Tloc      21%        N/A       100%        7
 Monstrous Menagerie      Summ           21%        N/A       100%        7
 Summon Hydra             Summ           21%        N/A       100%        7
 Chain Lightning          Conj/Air       51%        3d68      100%        9
 Fire Storm               Conj/Fire      62%        8d16      100%        9


Dungeon Overview and Level Annotations

Branches:
Dungeon (15/15)            Temple (1/1) D:6            Lair (5/5) D:9
 Shoals (4/4) Lair:3       Spider (4/4) Lair:3        Slime (0/5) Lair:5
    Orc (2/2) D:12            Elf (3/3) Orc:2        Vaults (5/5) D:14
  Crypt (0/3) Vaults:3     Depths (4/4) D:15            Zot (5/5) Depths:4
  IceCv (visited)         Volcano (visited)

Altars:
Ashenzari
Cheibriados
Dithmenos
Elyvilon
Fedhas
Gozag
Hepliaklqana
Kikubaaqudgha
Makhleb
Nemelex Xobeh
Okawaru
Qazlal
Ru
Sif Muna
Trog
Uskayaw
Vehumet
Wu Jian
Xom
Yredelemnul
Zin
The Shining One
Jiyva

Shops:
D:2 ?   D:3 !   Orc:1 (   Orc:2 ?*[=(   Elf:2 :   Elf:3 =:=   Shoals:2 (
Shoals:3 (   Vaults:1 ?   Vaults:2 ([**   Depths:2 *[:*

Portals:
Hell: Depths:1 Depths:3 Depths:4
Abyss: Lair:1 Depths:3
Pandemonium: Orc:2 Depths:2
Ziggurat: Depths:3
Trove: Vaults:1 (give 14 potions of heal wounds)

Annotations:
D:3 1 runed translucent door, hattop's ghost, amateur MeFi
D:6 2 transporters, dracfodder's ghost, novice GrFi
Elf:2 5 runed translucent doors
Depths:2 1 exclusion


Innate Abilities, Weirdness & Mutations

Your serpentine skin is tough. (AC +8)
You have supernaturally acute eyesight. (SInv)
Armour fits poorly on your strangely shaped body.
Your system is resistant to poisons. (rPois)
You cover ground very slowly.
You can spit poison.
You can use your snake-like lower body to constrict enemies.
You are agile. (Dex +4, Str/Int -1)
Your natural rate of healing is unusually fast.
Your muscles are strong. (Str +4, Int/Dex -1)
Your spells are a little harder to cast, but a little more powerful.


Message History

Aiming: Iron Shot (mildly dangerous; 1% risk of failure)
Press: ? - help, Shift-Dir - straight line, f - cherub
Aim: a cherub, wielding a +0 scimitar of flaming, wearing a +0 robe and wearing a +0 buckler (water, haloed, 70% to hit)
You feel a strong surge of power!
The cherub blocks the iron shot.
Casting: Iron Shot (mildly dangerous; 1% risk of failure)
Confirm with . or Enter, or press ? or * to list all spells.
Aiming: Iron Shot (mildly dangerous; 1% risk of failure)
Press: ? - help, Shift-Dir - straight line, f/p - cherub
Aim: a cherub, wielding a +0 scimitar of flaming, wearing a +0 robe and wearing a +0 buckler (water, haloed, 70% to hit)
You feel a strong surge of power!
The iron shot hits the cherub!!!!
You kill the cherub!
Cheibriados appreciates the change of pace.
You hear a splash. x4
Magic restored.
You open the door.
An orange demon comes into view.
There is an open door here.
The orange demon screeches!
Holuad comes into view. It is armed with a flaming touch.
Holuad conjures a glowing orb.
A large abomination comes into view.
You block the orange demon's attack.
Casting: Iron Shot (mildly dangerous; 1% risk of failure)
Confirm with . or Enter, or press ? or * to list all spells.
Aiming: Iron Shot (mildly dangerous; 1% risk of failure)
Press: ? - help, Shift-Dir - straight line, f - orange demon
Aim: an orange demon (90% to hit)
You feel a strong surge of power!
The iron shot misses the orange demon.
The iron shot hits the large abomination!!!
You destroy the large abomination!
Cheibriados thoroughly appreciates the change of pace.
You block the orange demon's attack.
An orb of destruction comes into view.
The orb of destruction hits a rock wall.
Holuad punches you but does no damage. You block the orange demon's attack.
Holuad punches you but does no damage.
The orange demon stings you but does no damage.
There is a staircase leading out of the dungeon here.
Holuad punches you but does no damage. x2; You block the orange demon's attack.
You have escaped!

#............# #....##
############..#########...## ##
.......# #..........#...######.
.#####.#####..................##.
.#P# #....#......................
.#.# #.##.#....###............##.
.#P# #.##.#...##.##...#...#.####.
.#.# #.##.#...#...#...#...#.# #>
.#P# #.##.#...4&@.'...#...#.####.
.#P# ####.#...#...#...#...#.##...
.#.# #.....##.##...##.##.##.##
.#.### #......###..........##.##
.#...# #............###.#####>##
.#########...........###.#####.##
............................##...
######.###......##.##.##.##.#####
P.P..#.# ######...........#.#####


You could see Holuad and an orange demon.

Vanquished Creatures
  A dread lich (Zot:5)
  A pandemonium lord (D:9)
  2 ancient liches
  7 orbs of fire (Zot:5)
  Boris (Vaults:3)
  5 Killer Klowns
  A curse toe (Zot:4)
  Nikola (Vaults:2)
  8 golden dragons
  An electric golem (Zot:5)
  A hellephant (Zot:4)
  A walking crystal tome (Depths:2)
  Jorgrun (Orc:1)
  7 tentacled monstrosities
  22 Orb Guardians
  An Ice Fiend (D:13)
  3 liches
  4 titans (Vaults:5)
  Mlioglotl (Shoals:3)
  A deep elf master archer (Elf:3)
  A walking frostbound tome (Depths:2)
  3 quicksilver dragons
  Polyphemus (Shoals:2)
  2 krakens
  8 sphinxes
  4 tengu reavers
  A death cob (Zot:1)
  Gastronok (D:10)
  8 shadow dragons
  8 storm dragons
  Roxanne (Shoals:3)
  Donald (Spider:4)
  2 draconian monks
  An azure jelly (shapeshifter) (Vaults:5)
  2 iron dragons
  14 frost giants
  Ilsuiw (Shoals:2)
  9 emperor scorpions
  3 draconian knights
  8 deep elf sorcerers
  6 fire giants
  6 ghost moths
  3 orc warlords
  Louise (Shoals:3)
  A draconian stormcaller (Zot:5)
  23 vault wardens
  A draconian annihilator (Zot:5)
  2 draconian scorchers
  5 war gargoyles
  A spriggan defender (Depths:2)
  18 very ugly things
  4 deep elf elementalists (Elf:3)
  21 ironbound preservers
  The ghost of Ozixysch the Stormcaller, a journeyman TeAE of Vehumet (Spider:4)
  2 reapers
  11 stone giants
  5 broodmothers
  11 ironbound thunderhulks
  3 vampire knights
  6 deep elf demonologists
  A juggernaut skeleton (Depths:1)
  11 dire elephants
  4 black draconians
  3 yellow draconians
  8 white draconians
  2 pale draconians (Depths:4)
  2 purple draconians (Zot:5)
  The ghost of Mihiasuf the Geomancer, a journeyman MeEE of Hepliaklqana (Lair:1)
  6 deep elf annihilators
  6 spark wasps
  2 lorocyprocas
  13 ettins
  9 deep elf death magi
  5 merfolk javelineers
  8 deep elf high priests
  A crystal guardian (Vaults:4)
  Josephine (D:11)
  A quicksilver dragon zombie (Depths:3)
  10 yaktaur captains
  12 merfolk impalers
  29 vault guards
  5 ice dragons
  2 great orbs of eyes
  2 spriggan air magi
  11 fire dragons
  3 entropy weavers
  Harold (Orc:1)
  2 hell beasts (Depths:3)
  3 peacekeepers
  5 hydras
  Erica (D:11)
  4 ogre magi
  3 rakshasas
  Erolcha (D:12)
  10 centaur warriors
  A jorogumo (Spider:4)
  2 demonspawn (Orc:2)
  3 alligator snapping turtles
  2 merfolk avatars (Shoals:3)
  5 catoblepae
  11 ironbound frosthearts
  A juggernaut simulacrum (Depths:1)
  4 radroaches
  A satyr (shapeshifter) (Vaults:5)
  22 dancing weapons
  18 two-headed ogres
  10 deep troll earth magi
  A satyr (Shoals:4)
  7 boulder beetles
  5 orc high priests (Orc:2)
  9 merfolk aquamancers
  8 tengu warriors
  A two-headed ogre (shapeshifter) (D:15)
  11 death yaks
  11 deep troll shamans
  A vampire mage (Vaults:3)
  Urug (D:11)
  A shock serpent (shapeshifter) (Elf:2)
  Sonja (D:10)
  6 hell knights (Vaults:5)
  3 spriggan berserkers
  10 deep elf knights
  Nergalle (Lair:1)
  2 sun demons (Lair:1)
  9 pharaoh ants
  A skyshark (Lair:2)
  2 sun moths (Spider:4)
  An iron troll (shapeshifter) (Vaults:5)
  5 skeletal warriors
  8 iron trolls
  68 deep trolls
  A salamander mystic (Depths:1)
  11 sea snakes
  A cherub (D:1)
  7 orb spiders
  4 glowing orange brains
  A flayed ghost (Depths:3)
  26 slime creatures
  10 deep elf archers
  An orange crystal statue (IceCv)
  A swamp dragon (shapeshifter) (Depths:2)
  9 steelbarb worms
  31 wolf spiders
  18 ironbound convokers
  9 orc knights
  9 wizards
  19 deep elf zephyrmancers
  10 phantasmal warriors
  14 deep elf pyromancers
  29 harpies
  5 necromancers
  11 lindwurms
  8 orc sorcerers
  34 ugly things
  8 cyclopes
  19 manticores
  A sphinx skeleton (Depths:3)
  6 fauns
  14 elephants
  6 salamanders
  6 moths of wrath
  6 water nymphs
  2 smoke demons
  18 merfolk sirens
  A rust devil (Depths:1)
  7 demonic crawlers
  20 vault sentinels
  2 black mambas
  9 cane toads
  2 orange demons
  4 freezing wraiths
  13 yaktaurs
  5 komodo dragons
  5 torpor snails
  4 storm dragon simulacra (IceCv)
  6 rime drakes
  3 unseen horrors
  An ice devil (Orc:2)
  6 golden dragon simulacra (IceCv)
  2 red devils
  2 tengu conjurers (Depths:4)
  A spriggan skeleton (Depths:1)
  7 trolls
  3 meliai (Spider:4)
  40 merfolk
  A meliai (shapeshifter) (D:15)
  An ancient zyme (Lair:1)
  7 hornets (Lair:1)
  3 polar bears (Lair:5)
  10 wind drakes
  A tengu simulacrum (Depths:1)
  27 tarantellas
  15 blink frogs
  11 snapping turtles
  13 dream sheep
  10 air elementals
  A spriggan (Lair:1)
  A shadow (D:14)
  2 ynoxinuls (Orc:2)
  26 jumping spiders
  6 wyverns
  16 culicivoras
  3 large abominations
  40 yaks
  3 basilisks
  8 wraiths
  A small abomination (D:9)
  2 vampires (D:11)
  17 fire bats
  25 water elementals
  4 fire elementals
  8 steam dragons
  A golden eye (shapeshifter) (D:13)
  58 redbacks
  6 vampire mosquitoes
  A glowing shapeshifter zombie (Depths:1)
  3 acid dragons (Depths:4)
  A floating eye (shapeshifter) (Vaults:5)
  21 water moccasins
  3 sky beasts
  2 ice beasts (D:7)
  30 orc warriors
  3 black bears
  6 ice dragon simulacra (IceCv)
  18 ogres
  20 wolves
  9 centaurs
  A phantom (D:5)
  A kobold brigand (D:12)
  4 earth elementals (Elf:2)
  7 bullfrogs
  A glowing shapeshifter simulacrum (Depths:3)
  6 gnoll sergeants (D:12)
  2 scorpions (D:5)
  13 wights
  16 killer bees
  5 lindwurm simulacra (IceCv)
  4 electric eels
  9 howler monkeys
  5 lava snakes (Lair:2)
  5 hounds
  4 jellies
  29 orc priests
  2 sleepcaps (D:4)
  A gnoll bouda (Orc:2)
  4 iguanas
  19 orc wizards
  Robin (D:3)
  9 adders
  10 gnolls
  A shadow imp (D:5)
  2 white imps (D:6)
  3 ufetubi
  3 worms
  2 dart slugs
  79 orcs
  7 endoplasms
  2 giant cockroaches (D:1)
  16 goblins
  14 hobgoblins
  8 jackals
  3 quokkas
  3 training dummies (Shoals:3)
  6 ball pythons
  3 bats
  4 frilled lizards
  8 kobolds
  4 rats
  A butterfly (D:8)
  A spectral weapon (Depths:2)
  5 tentacles
1996 creatures vanquished.

Vanquished Creatures (others)
  A quicksilver dragon (Depths:3)
  A merfolk impaler (Shoals:4)
  3 deep elf zephyrmancers
  A manticore (Shoals:3)
  4 bushes
  15 fungi
  293 plants
  5 tentacles
323 creatures vanquished.

Grand Total: 2319 creatures vanquished

Notes
Turn   | Place    | Note
-------+----------+-------------------------------------------
     0 | D:1      | cojito the Naga Venom Mage began the quest for the Orb.
     0 | D:1      | Reached XP level 1. HP: 15/15 MP: 3/3
   197 | D:1      | Found a faded altar of an unknown god.
   308 | D:1      | Reached XP level 2. HP: 24/24 MP: 1/5
   322 | D:1      | Learned a level 2 spell: Poisonous Vapours
   613 | D:1      | Reached skill level 1 in Fighting
   865 | D:2      | Found Zuoppome's Magic Scroll Shoppe.
   936 | D:1      | Reached XP level 3. HP: 24/31 MP: 1/6
  1598 | D:2      | Learned a level 3 spell: Mephitic Cloud
  1985 | D:3      | Found a sacrificial altar of Ru.
  1992 | D:3      | Reached skill level 2 in Fighting
  1992 | D:3      | Reached skill level 5 in Poison Magic
  1992 | D:3      | Reached XP level 4. HP: 39/39 MP: 1/8
  2314 | D:3      | Noticed Robin
  2328 | D:3      | Killed Robin
  2329 | D:3      | Reached XP level 5. HP: 27/45 MP: 1/9
  2410 | D:3      | Reached skill level 1 in Conjurations
  2631 | D:3      | Found a runed translucent door.
  2635 | D:3      | Noticed hattop's ghost (amateur MeFi)
  2770 | D:3      | Learned a level 4 spell: Olgreb's Toxic Radiance
  3113 | D:3      | Found Plog's Distillery.
  3118 | D:3      | Bought 2 potions of degeneration for 28 gold pieces
  3118 | D:3      | Bought a potion of curing for 42 gold pieces
  3118 | D:3      | Bought a potion of might for 56 gold pieces
  3542 | D:5      | Entered Level 5 of the Dungeon
  3748 | D:4      | Noticed an ogre
  3758 | D:4      | Killed an ogre
  3759 | D:4      | Reached skill level 3 in Fighting
  3759 | D:4      | Reached XP level 6. HP: 56/56 MP: 2/11
  3886 | D:4      | Found an ancient bone altar of Kikubaaqudgha.
  4429 | D:4      | Reached XP level 7. HP: 59/62 MP: 7/12
  5216 | D:5      | Reached skill level 4 in Fighting
  5216 | D:5      | Reached XP level 8. HP: 54/72 MP: 5/14
  5751 | D:5      | Found an ancient bone altar of Kikubaaqudgha.
  6130 | D:5      | Found a basalt altar of Yredelemnul.
  6899 | D:5      | Found a bloodstained altar of Trog.
  6978 | D:6      | Reached skill level 5 in Spellcasting
  7131 | D:6      | Found a transporter.
  7131 | D:6      | Noticed dracfodder's ghost (novice GrFi)
  7134 | D:6      | Noticed a purple ugly thing
  7197 | D:6      | Found a transporter.
  7226 | D:6      | Found a staircase to the Ecumenical Temple.
  7235 | Temple   | Entered the Ecumenical Temple
  7431 | D:6      | Reached XP level 9. HP: 80/80 MP: 8/16
  7503 | D:6      | Reached skill level 5 in Fighting
  8162 | D:6      | Found a blossoming altar of Fedhas.
  8326 | D:7      | Reached skill level 5 in Dodging
  8930 | D:7      | Reached skill level 6 in Fighting
  8995 | D:7      | Found an opulent altar of Gozag.
  9637 | D:7      | Reached XP level 10. HP: 46/83 MP: 19/19
  9971 | D:8      | Found a white marble altar of Elyvilon.
 10899 | D:8      | You fall into a shaft and drop 3 floors!
 10904 | D:10     | Entered Level 10 of the Dungeon
 10984 | D:11     | Noticed Josephine
 11410 | D:10     | Identified the +6 chain mail of the Shining Light {Rampage
                  | Str+3 Stlth+}
 11489 | D:10     | Noticed an unseen horror
 11500 | D:10     | Killed an unseen horror
 12101 | D:9      | Found a snail-covered altar of Cheibriados.
 12284 | D:9      | Reached skill level 10 in Poison Magic
 12296 | D:9      | Reached skill level 7 in Fighting
 12740 | D:9      | Reached skill level 5 in Stealth
 12783 | D:9      | Became a worshipper of Cheibriados the Contemplative
 12841 | D:9      | Reached XP level 11. HP: 100/100 MP: 4/21
 13145 | D:8      | Reached * piety under Cheibriados
 13256 | D:9      | Found a staircase to the Lair.
 13856 | Lair:1   | Entered Level 1 of the Lair of Beasts
 13876 | Lair:1   | Found a one-way gate to the infinite horrors of the Abyss.
 13876 | Lair:1   | Noticed Mihiasuf's ghost (journeyman MeEE)
 13887 | Lair:1   | Noticed a sun demon
 13891 | Lair:1   | Found a dark tunnel.
 13894 | Volcano  | Entered a volcano
 13896 | Volcano  | Noticed a two-headed ogre
 13901 | Volcano  | Killed a two-headed ogre
 13902 | Volcano  | Reached skill level 8 in Fighting
 13902 | Volcano  | Reached skill level 1 in Short Blades
 13902 | Volcano  | Reached skill level 1 in Shields
 13995 | Volcano  | Noticed a two-headed ogre
 14004 | Volcano  | Killed a two-headed ogre
 14323 | Volcano  | Reached ** piety under Cheibriados
 14446 | Volcano  | Noticed a salamander
 14501 | Volcano  | Noticed a salamander
 14516 | Volcano  | Killed a salamander
 14536 | Volcano  | Noticed a salamander
 14548 | Volcano  | Killed a salamander
 14849 | Volcano  | Killed a salamander
 15021 | Volcano  | Noticed a fire dragon
 15073 | Volcano  | Reached skill level 1 in Invocations
 15136 | Volcano  | Noticed a two-headed ogre
 15401 | Volcano  | Killed a two-headed ogre
 15402 | Volcano  | Reached XP level 12. HP: 112/112 MP: 11/24
 15496 | Volcano  | Killed a fire dragon
 15851 | Volcano  | Reached skill level 5 in Short Blades
 15968 | Lair:1   | Noticed a catoblepas
 15992 | Lair:1   | Killed a catoblepas
 16010 | Lair:1   | Reached skill level 1 in Armour
 16038 | Lair:1   | Reached skill level 9 in Fighting
 16039 | Lair:1   | Reached *** piety under Cheibriados
 16179 | Lair:1   | Noticed a catoblepas
 16192 | Lair:1   | Killed a catoblepas
 16439 | Lair:1   | Reached **** piety under Cheibriados
 16572 | Lair:1   | Found a transporter.
 16599 | Lair:1   | Noticed a sun demon
 16608 | Lair:1   | Found a transporter.
 16729 | Lair:1   | Noticed a death yak
 16729 | Lair:1   | Noticed a death yak
 16729 | Lair:1   | Noticed a death yak
 16729 | Lair:1   | Noticed a death yak
 16730 | Lair:1   | Noticed a death yak
 16734 | Lair:1   | Killed a death yak
 16741 | Lair:1   | Killed a death yak
 16746 | Lair:1   | Killed a death yak
 16753 | Lair:1   | Killed a death yak
 16768 | Lair:1   | Killed a death yak
 16774 | Lair:1   | Gained mutation: You can use your snake-like lower body to
                  | constrict enemies. [Naga growth]
 16774 | Lair:1   | Reached XP level 13. HP: 110/121 MP: 4/26
 17180 | Lair:2   | Noticed Nergalle
 17204 | Lair:1   | Killed Nergalle
 17517 | Lair:2   | Reached skill level 5 in Invocations
 17518 | Lair:2   | Reached ***** piety under Cheibriados
 17835 | Lair:2   | Reached skill level 10 in Fighting
 19377 | Lair:3   | Found a hole to the Spider Nest.
 19553 | Lair:3   | Found a staircase to the Shoals.
 20030 | Lair:5   | Entered Level 5 of the Lair of Beasts
 20109 | Lair:4   | Reached XP level 14. HP: 131/133 MP: 17/27
 20121 | Lair:4   | Reached skill level 10 in Spellcasting
 20509 | Lair:4   | Reached skill level 5 in Armour
 20531 | Lair:4   | Identified the +10 plate armour "Sekuk" {rElec SInv}
 20890 | Lair:5   | Reached ****** piety under Cheibriados
 20891 | Lair:5   | Reached skill level 10 in Stealth
 21079 | Lair:5   | Reached skill level 11 in Fighting
 21760 | Lair:5   | Found a staircase to the Slime Pits.
 21760 | Lair:5   | Found a viscous altar of Jiyva.
 22276 | Lair:1   | Killed Mihiasuf's ghost
 22448 | D:10     | Reached skill level 10 in Short Blades
 22614 | D:10     | Noticed Gastronok
 22645 | D:10     | Killed Gastronok
 22911 | D:10     | Noticed Sonja
 22916 | D:10     | Killed Sonja
 23338 | D:11     | Noticed Erica
 23346 | D:11     | Killed Erica
 23469 | D:11     | Noticed Urug
 23474 | D:11     | Killed Urug
 23515 | D:11     | Found a bloodstained altar of Trog.
 23569 | D:11     | Killed Josephine
 23990 | D:12     | Found a staircase to the Orcish Mines.
 23995 | D:12     | Reached skill level 12 in Fighting
 23995 | D:12     | Reached XP level 15. HP: 144/144 MP: 19/30
 24028 | Orc:1    | Entered Level 1 of the Orcish Mines
 24041 | Orc:1    | Noticed Jorgrun
 24054 | Orc:1    | Killed Jorgrun
 24055 | Orc:1    | Reached skill level 1 in Hexes
 24698 | Orc:2    | Entered Level 2 of the Orcish Mines
 24871 | Orc:1    | Noticed Harold
 24883 | Orc:1    | Killed Harold
 25012 | Orc:1    | Found Xyisiysh's Antique Weapon Shoppe.
 25313 | Orc:2    | Found Zybbaiss's Magic Scroll Shoppe.
 25341 | Orc:2    | Found Kughut's General Store.
 25997 | Orc:2    | Found Enwy's Antique Armour Boutique.
 25997 | Orc:2    | Found a one-way gate leading to the halls of Pandemonium.
 25997 | Orc:2    | Found Senuz's Jewellery Shop.
 26003 | Orc:2    | Bought a pair of twisted gloves for 285 gold pieces
 26003 | Orc:2    | Identified the +1 pair of gloves of Amyeptom {+Blink Regen+
                  | Int+4 Dex+3} (You bought it in a shop on level 2 of the
                  | Orcish Mines)
 26134 | Orc:2    | Found a staircase to the Elven Halls.
 26135 | Orc:2    | Found Wafeum's Weapon Shop.
 26285 | Orc:2    | Reached skill level 5 in Shields
 26584 | Orc:2    | Bought the ring of the Mage {Wiz Archmagi} for 867 gold
                  | pieces
 26584 | Orc:2    | Found the ring of the Mage {Wiz Archmagi}
 26621 | Orc:2    | Bought Great Wizards, Vol. VII for 510 gold pieces
 26627 | Orc:2    | Learned a level 5 spell: Yara's Violent Unravelling
 26678 | D:12     | Got the Writings on Sizzling Metamorphosis
 26784 | D:12     | Identified the +0 chain mail of the Arcane {rElec Regen+}
 26956 | D:12     | Noticed Erolcha
 26963 | D:12     | Killed Erolcha
 27171 | D:12     | Learned a level 3 spell: Ignite Poison
 27180 | D:12     | Learned a level 8 spell: Ignition
 27339 | D:13     | Reached skill level 5 in Hexes
 27650 | D:13     | Reached skill level 1 in Fire Magic
 27987 | D:13     | Learned a level 4 spell: Sticky Flame
 28113 | D:13     | Reached XP level 16. HP: 130/154 MP: 27/31
 28569 | D:14     | Found a gate to the Vaults.
 29102 | D:15     | Entered Level 15 of the Dungeon
 29384 | D:15     | Found a staircase to the Depths.
 30490 | Spider:1 | Entered Level 1 of the Spider Nest
 30926 | Spider:1 | Reached skill level 13 in Fighting
 31124 | Spider:1 | Found a runed translucent door.
 31486 | Spider:1 | Reached skill level 5 in Fire Magic
 31548 | Spider:1 | Reached XP level 17. HP: 157/163 MP: 30/33
 32093 | Spider:2 | Reached skill level 10 in Hexes
 32093 | Spider:2 | Reached skill level 10 in Invocations
 33493 | Spider:4 | Entered Level 4 of the Spider Nest
 33493 | Spider:4 | Noticed Donald
 33499 | Spider:4 | Killed Donald
 35240 | Spider:4 | Reached skill level 14 in Fighting
 35502 | Spider:4 | Found a runed translucent door.
 35502 | Spider:4 | Noticed Ozixysch's ghost (journeyman TeAE)
 36012 | Spider:4 | Killed Ozixysch's ghost
 36013 | Spider:4 | Reached XP level 18. HP: 152/175 MP: 34/34
 36039 | Spider:4 | Learned a level 6 spell: Iron Shot
 36217 | Spider:4 | Reached skill level 1 in Earth Magic
 36806 | Spider:4 | Reached skill level 5 in Conjurations
 37284 | Spider:4 | Got a gossamer rune of Zot
 37640 | Shoals:1 | Entered Level 1 of the Shoals
 38592 | Shoals:1 | You fall into a shaft and drop 1 floor!
 38592 | Shoals:2 | Noticed Ilsuiw
 38604 | Shoals:2 | Killed Ilsuiw
 38620 | Shoals:2 | Reached skill level 15 in Fighting
 38887 | Shoals:2 | Reached skill level 5 in Earth Magic
 39451 | Shoals:2 | Noticed Polyphemus
 39463 | Shoals:2 | Found Foofrewn's Weapon Shop.
 39802 | Shoals:2 | Killed Polyphemus
 39987 | Shoals:3 | Reached XP level 19. HP: 171/186 MP: 12/35
 40118 | Shoals:3 | Noticed Louise
 40123 | Shoals:3 | Killed Louise
 40582 | Shoals:3 | Noticed Mlioglotl
 40590 | Shoals:3 | Gained mutation: You are frail. (-10% HP) [you]
 40591 | Shoals:3 | Gained mutation: You sometimes lose your temper in combat.
                  | [you]
 40599 | Shoals:3 | Killed Mlioglotl
 40676 | Shoals:3 | Lost mutation: You sometimes lose your temper in combat.
                  | [potion of mutation]
 40676 | Shoals:3 | Lost mutation: You are frail. (-10% HP) [potion of
                  | mutation]
 40676 | Shoals:3 | Gained mutation: You are agile. (Dex +4, Str/Int -1)
                  | [potion of mutation]
 40676 | Shoals:3 | Gained mutation: You have a pair of small antennae on your
                  | head. [potion of mutation]
 40701 | Shoals:3 | Reached skill level 10 in Armour
 40816 | Shoals:3 | Found Valeir's Firing Range.
 40825 | Shoals:3 | Bought a throwing net for 42 gold pieces
 41094 | Shoals:3 | Noticed Roxanne
 41140 | Shoals:3 | Killed Roxanne
 41530 | Shoals:4 | Entered Level 4 of the Shoals
 41682 | Shoals:4 | Paralysed by an air elemental for 1 turns
 41866 | Shoals:4 | Found the amulet of Vitality {RegenMP++ Regen++}
 41901 | Shoals:4 | Paralysed by an air elemental for 1 turns
 41908 | Shoals:4 | Identified the +0 robe "Wauxirr" {Harm rN+ Will+}
 42023 | Shoals:4 | Paralysed by an air elemental for 1 turns
 42027 | Shoals:4 | Paralysed by an air elemental for 1 turns
 42057 | Shoals:4 | Paralysed by an air elemental for 1 turns
 42140 | Shoals:4 | Got a barnacled rune of Zot
 42394 | Shoals:4 | Paralysed by an air elemental for 1 turns
 42554 | Shoals:4 | Reached skill level 16 in Fighting
 42663 | Shoals:4 | Paralysed by an air elemental for 1 turns
 42761 | Shoals:4 | Paralysed by an air elemental for 1 turns
 42764 | Shoals:4 | Paralysed by an air elemental for 1 turns
 43098 | Vaults:1 | Entered Level 1 of the Vaults
 43417 | Vaults:1 | Reached XP level 20. HP: 192/198 MP: 36/36
 43499 | Vaults:1 | Got Laywkeas's Grimoire of the Band and Talus
 43699 | Vaults:1 | Found Plog's Magic Scroll Emporium.
 43705 | Vaults:1 | Bought 2 scrolls of enchant weapon for 255 gold pieces
 43705 | Vaults:1 | Bought a scroll of enchant armour for 127 gold pieces
 43705 | Vaults:1 | Bought a scroll of blinking for 127 gold pieces
 43976 | Vaults:1 | Reached skill level 10 in Conjurations
 44070 | Vaults:1 | Found a portal to a secret trove of treasure.
 44699 | Vaults:2 | Found Bishrihe's Weapon Shop.
 44826 | Vaults:2 | Found Redonoad's Assorted Antiques.
 44862 | Vaults:2 | Bought a scroll of teleportation for 126 gold pieces
 44862 | Vaults:2 | Bought a potion of brilliance for 168 gold pieces
 44862 | Vaults:2 | Bought a potion of might for 168 gold pieces
 44995 | Vaults:2 | Noticed Nikola
 45006 | Vaults:2 | Killed Nikola
 45239 | Vaults:2 | Reached skill level 17 in Fighting
 45329 | Vaults:2 | Reached skill level 10 in Earth Magic
 45350 | Vaults:2 | Found Uful Hoe's Armour Emporium.
 45712 | Vaults:2 | Found Ihour's Assorted Antiques.
 45720 | Vaults:2 | Bought a runed scarf for 200 gold pieces
 46707 | Vaults:3 | Reached XP level 21. HP: 182/208 MP: 30/37
 46779 | Vaults:3 | Found a transporter.
 46798 | Vaults:3 | Found a transporter.
 46849 | Vaults:3 | Learned a level 4 spell: Leda's Liquefaction
 47042 | Vaults:3 | Identified the +6 hand axe "Ifilil" {heavy, Will+ MP+9
                  | Str+5 Dex-2}
 47047 | Vaults:3 | Identified the +1 cloak of the Bulwark {rCorr Slay+2
                  | Stlth+}
 47058 | Vaults:3 | Identified the +2 pair of gloves "Leolot" {-Cast +Blink
                  | Dex+8 SInv}
 47154 | Vaults:3 | Identified the +5 mace of Memp {freeze, rF- rN+ SInv}
 47173 | Vaults:3 | Noticed Boris
 47180 | Vaults:3 | Killed Boris
 47674 | Vaults:3 | Found a staircase to the Crypt.
 48990 | Vaults:4 | Reached skill level 18 in Fighting
 49548 | Elf:1    | Entered Level 1 of the Elven Halls
 49620 | Elf:1    | Reached XP level 22. HP: 217/220 MP: 32/38
 50213 | Elf:1    | Got Ibiuhipo's Guidebook on Conflict
 50674 | Elf:2    | Found Etyafaym's Book Boutique.
 50683 | Elf:2    | Identified the +1 halberd "Jigaacwe" {heavy, Int+2}
 50754 | Elf:2    | Identified a scroll of acquirement
 50782 | Elf:2    | Acquired the scarf of the Moon {rC+ rF+, rPois Str+3 Int-5}
 51003 | Elf:2    | Paralysed by an air elemental for 1 turns
 51010 | Elf:2    | Paralysed by an air elemental for 1 turns
 51081 | Elf:2    | Found a huge runed translucent gate.
 51081 | Elf:2    | Found a huge runed translucent gate.
 51081 | Elf:2    | Found a huge runed translucent gate.
 51087 | Elf:2    | Found a huge runed translucent gate.
 51087 | Elf:2    | Found a huge runed translucent gate.
 51283 | Elf:3    | Entered Level 3 of the Elven Halls
 51352 | Elf:3    | Found a frozen archway.
 51383 | IceCv    | Entered an ice cave
 51403 | IceCv    | Learned a level 4 spell: Flame Wave
 51745 | IceCv    | Identified the ring "Lihaum" {Ice rElec Dex+4}
 51761 | IceCv    | Identified the ring "Geiqun" {Dex+3 SInv Stlth+}
 52087 | Elf:3    | Found Hiecetiz's Jewellery Shop.
 52087 | Elf:3    | Found Zinn's Book Shoppe.
 52088 | Elf:3    | Found Wocrogae's Jewellery Shop.
 52425 | Elf:3    | Identified the ring of Ukijol {*Slow rCorr Int+2 Stlth+}
 52431 | Elf:3    | Identified the +2 scale mail of the Three Priests {Fly rC++
                  | Str+3 Int-3}
 52470 | Elf:3    | Identified the staff of poison "Isuimmy" {rPois Stlth+}
 52474 | Elf:3    | Got the Guide on Virulence and Despair
 52476 | Elf:3    | Identified the +3 arbalest of Laer {drain, Drain Str+4
                  | Dex+3}
 52496 | Elf:3    | Identified the +2 broad axe "Imeclut" {speed, rPois}
 52946 | Depths:1 | Entered Level 1 of the Depths
 52946 | Depths:1 | Found a gateway to Hell.
 53169 | Depths:1 | Found a shimmering altar of Xom.
 53280 | Depths:1 | Reached XP level 23. HP: 230/230 MP: 33/39
 53283 | Depths:1 | Reached skill level 10 in Dodging
 53580 | Depths:2 | Reached skill level 19 in Fighting
 53614 | Depths:2 | Found Gelep's Book Emporium.
 53657 | Depths:2 | Found Fauresar's Assorted Antiques.
 53665 | Depths:2 | Bought a scroll of enchant weapon for 277 gold pieces
 53665 | Depths:2 | Bought a potion of heal wounds for 185 gold pieces
 53665 | Depths:2 | Bought a potion of heal wounds for 185 gold pieces
 53665 | Depths:2 | Bought a potion of mutation for 296 gold pieces
 53670 | Depths:2 | Found Linwyof's Antique Armour Shop.
 53694 | Depths:2 | Bought a crude chain mail for 380 gold pieces
 53694 | Depths:2 | Identified the +0 chain mail "Sech" {Rampage Int+2 Slay+3}
                  | (You bought it in a shop on level 2 of the Depths)
 53704 | Depths:2 | You fall into a shaft and drop 2 floors!
 53704 | Depths:4 | Entered Level 4 of the Depths
 53852 | Depths:2 | Found a magical portal.
 54062 | Depths:2 | Found Fesem's General Store.
 54833 | Depths:3 | Reached skill level 10 in Shields
 55181 | Depths:3 | Found a one-way gateway to a ziggurat.
 55825 | Depths:4 | Reached XP level 24. HP: 242/242 MP: 34/39
 55958 | Depths:4 | Reached skill level 15 in Conjurations
 56600 | Depths:4 | Found a gate to the Realm of Zot.
 56930 | Vaults:5 | Entered Level 5 of the Vaults
 56938 | Vaults:5 | Noticed an ancient lich
 57019 | Vaults:5 | Reached skill level 20 in Fighting
 57139 | Vaults:5 | Identified the +1 flail "Siokhi" {antimagic, Dex+2}
 57150 | Vaults:5 | Reached skill level 15 in Earth Magic
 57207 | Vaults:5 | Got the Parchment of Bolts
 57210 | Vaults:5 | Got a silver rune of Zot
 57618 | Vaults:5 | Identified the staff of death "Sasuu" {rC+ rN+ Will+ Dex+3}
 57820 | Vaults:5 | Killed an ancient lich
 57821 | Vaults:5 | Reached XP level 25. HP: 249/253 MP: 26/39
 58633 | Zot:1    | Entered Level 1 of the Realm of Zot
 58742 | Zot:4    | Noticed a Killer Klown
 58763 | Zot:4    | Killed a Killer Klown
 58830 | Zot:5    | Entered Level 5 of the Realm of Zot
 59521 | Zot:5    | Noticed a Killer Klown
 59526 | Zot:5    | Killed a Killer Klown
 59526 | Zot:5    | Noticed a Killer Klown
 59527 | Zot:5    | Noticed a Killer Klown
 59529 | Zot:5    | Noticed an orb of fire
 59530 | Zot:5    | Noticed an orb of fire
 59530 | Zot:5    | Noticed an orb of fire
 59612 | Zot:5    | Killed an orb of fire
 59664 | Zot:5    | Noticed an orb of fire
 59664 | Zot:5    | Gained mutation: You are weak. (Str -2) [an orb of fire]
 59669 | Zot:5    | Killed an orb of fire
 59694 | Zot:5    | Gained mutation: You sometimes lose your temper in combat.
                  | [an orb of fire]
 59698 | Zot:5    | Killed an orb of fire
 59707 | Zot:5    | Killed a Killer Klown
 59723 | Zot:5    | Killed a Killer Klown
 59757 | Zot:5    | Lost mutation: You sometimes lose your temper in combat.
                  | [potion of mutation]
 59757 | Zot:5    | Lost mutation: You have a pair of small antennae on your
                  | head. [potion of mutation]
 59757 | Zot:5    | Lost mutation: You are weak. (Str -2) [potion of mutation]
 59757 | Zot:5    | Gained mutation: Your muscles are strong. (Str +4, Int/Dex
                  | -1) [potion of mutation]
 59757 | Zot:5    | Gained mutation: Your spells are a little harder to cast,
                  | but a little more powerful. [potion of mutation]
 59757 | Zot:5    | Gained mutation: Your natural rate of healing is unusually
                  | fast. [potion of mutation]
 59794 | Zot:5    | Noticed a Killer Klown
 59798 | Zot:5    | Noticed an orb of fire
 59802 | Zot:5    | Noticed an orb of fire
 59829 | Zot:5    | Noticed an ancient lich
 59832 | Zot:5    | Killed an ancient lich
 59862 | Zot:5    | Noticed a dread lich
 59865 | Zot:5    | Killed an orb of fire
 60092 | Zot:5    | Noticed an orb of fire
 60100 | Zot:5    | Killed an orb of fire
 60139 | Zot:5    | Noticed an orb of fire
 60143 | Zot:5    | Killed an orb of fire
 60164 | Zot:5    | Noticed a Killer Klown
 60187 | Zot:5    | Noticed a dread lich
 60191 | Zot:5    | Killed a dread lich
 60223 | Zot:5    | Killed an orb of fire
 60224 | Zot:5    | Reached XP level 26. HP: 248/264 MP: 35/39
 60263 | Zot:5    | Killed a Killer Klown
 60280 | Zot:5    | Got the Orb of Zot
 60643 | D:9      | Reached skill level 21 in Fighting
 60643 | D:9      | Noticed Piuf Wig the pandemonium lord
 60649 | D:9      | Killed Piuf Wig the pandemonium lord
 60803 | D:1      | Noticed Holuad the pandemonium lord
 60807 | D:$      | Escaped with the Orb!

Illustrated notes

Levels and vault maps discovered:
D:1:      dpeg_arrival_shelter, layout_loops_cross, serial_aquarium,
          aquarium_bridge_square [aquarium_subvault_balcony,
          aquarium_subvault_wall, aquarium_subvault_bridge,
          aquarium_subvault_bridge], aquarium_bridge_long_joined
          [aquarium_subvault_wall, aquarium_subvault_bridge,
          aquarium_subvault_window, aquarium_subvault_bridge,
          aquarium_subvault_window, aquarium_subvault_bridge],
          aquarium_window_2, aquarium_window_fake, aquarium_window_1,
          aquarium_window_corner, aquarium_view_2c,
          nicolae_ecumenical_lake_church, minmay_misc_feat_doors,
          due_unseen_surprise
D:2:      layout_rooms, serial_shops, nicolae_shop_tiny_real_fake_doors
D:3:      layout_loops_ring, mainiacjoe_overflow_concentric_impassable,
          hellmonk_ghost_happy_afterlife, serial_shops,
          nicolae_shop_hallway_plus, minmay_misc_feat_nine_boxes, uniq_robin
D:4:      layout_basic, lemuel_tele_altar, minmay_manual_mullet
D:5:      minmay_diamond_boxcup, layout_basic, marbit_many_paths,
          kennysheep_donut, hangedman_feature_mirror, sigmund_army
D:6:      layout_basic, lemuel_coloured_pillars_altar, minmay_temple_entry_grid,
          gammafunk_ghost_arena, abandoned_shop
D:7:      layout_layer_cave, kennysheep_mini
D:8:      layout_layer_cave, nicolae_elyvilon_peaceful_grove
D:9:      layout_loops_cross, kennysheep_slug_shrine, minmay_lair_entry_grove
D:10:     layout_basic, uniq_gastronok, uniq_sonja
D:11:     layout_cross, trog_three_pillars_becter, uniq_urug, uniq_erica,
          uniq_josephine
D:12:     layout_loops_ring, kennysheep_orc_monster_closet_entryway,
          uniq_erolcha
D:13:     layout_loops_corners
D:14:     layout_cave_pools, erik_vaults_1, hangedman_decor_lopped,
          corexii_leaking_fountain
D:15:     hangedman_depths_entry_civil_slaughter, layout_irregular_city
Temple:   bh_familiar_temple
Lair:1:   layout_gridlike, enter_volcano_4, gammafunk_ghost_abyssal_escape,
          dreamdust_wasp_nest
Lair:2:   layout_layer_cave, nicolae_lair_liquid_snakes, uniq_nergalle
Lair:3:   layout_misc_corridors, elwin_shoals_entry_stream,
          spider_nest_entry_webs, lemuel_old_faithful, grunt_megastairs_5,
          infiniplex_staircase_pool_2, serial_bayou_shore_a
Lair:4:   layout_loops_ring, serial_bayou, serial_bayou_lagoon_a,
          serial_bayou_pond_d, serial_bayou_pond_c, serial_bayou_shore_b
Lair:5:   grunt_lair_end_beastmaster, layout_gridlike, slime_entry_1,
          grunt_megastairs_4, infiniplex_staircase_pool
Shoals:1: layout_shoals
Shoals:2: layout_shoals, serial_shops, nicolae_shop_bloodbath_and_beyond,
          nicolae_shoals_square_sea_wall, uniq_polyphemus, uniq_ilsuiw
Shoals:3: cheibrodos_shoals_roost, layout_shoals, nicolae_shop_firing_range,
          uniq_mlioglotl, uniq_roxanne, uniq_louise
Shoals:4: shoals_end_hellmonk_storm_palace [storm_palace_center_ruins,
          storm_palace_corner_blocked, storm_palace_corner_narrow,
          storm_palace_corner_reverse_hut, storm_palace_corner_pillars]
Spider:1: cheibrodos_spider_deadly_dance
Spider:2: layout_spider_delve
Spider:3: nicolae_spider_hilbert_zone_5 [nicolae_spider_hilbert_3_sides_1_open,
          nicolae_spider_hilbert_4_sides_1_open,
          nicolae_spider_hilbert_4_sides_1_open,
          nicolae_spider_hilbert_6_sides_1_open,
          nicolae_spider_hilbert_6_sides_1_open], nicolae_spider_scorpion_nest
Spider:4: guppyfry_spider_rune, gammafunk_ghost_grave, uniq_donald
Orc:1:    layout_diamond_mine, serial_shops, shop, mines2_david, uniq_harold,
          uniq_jorgrun
Orc:2:    pf_orc_diabolical, layout_caves, serial_shops, shop
Elf:1:    elf_arrival_001, layout_loops_corners, minmay_elf_annihilation
Elf:2:    elven_hall_of_blades_hangedman_alternative [mumra_blade_entry_dagger],
          layout_geoelf_octagon, serial_shops, nicolae_shop_crystal,
          lemuel_elevator, lemuel_upstairs_altar
Elf:3:    minmay_elf_hall_curves, layout_geoelf_diagonals,
          portal_ice_cave_entry_frozen_things, minmay_shop_grove
Vaults:1: vaults_mumra_minichess_inversion, nicolae_vaults_diamond_1,
          hangedman_vaults_snaps, nicolae_vaults_closet_pinwheel_2,
          nicolae_vaults_trapezoid_lopsided_4, nicolae_vaults_trapezoid_4,
          vaults_room_fancy_cross, nicolae_vaults_tetromino_Z_1,
          nicolae_vaults_surprise_closet, ontoclasm_vaults_decontamination,
          nicolae_vaults_trapezoid_2, vaults_dpeg_encased_lava,
          nicolae_vaults_surprise_closet_hard, layout_vaults_chaotic_city,
          enter_trove_6, serial_shops, shop
Vaults:2: v_misc_22, nicolae_vaults_two_Ls, nicolae_vaults_storage_closets_3,
          hangedman_vaults_pinch, hangedman_vaults_slither,
          nicolae_vaults_three_branches, nicolae_vaults_more_shelving_1,
          grunt_vaults_funnel, ontoclasm_vaults_twist,
          nicolae_vaults_angled_halls, nicolae_vaults_cochlea,
          layout_vaults_maze_bifur, serial_shops, nicolae_shop_stone,
          nicolae_shop_behind_doors, shop, nicolae_shop_back_alley_shop, shop,
          uniq_nikola
Vaults:3: minmay_crypt_entry_simple_walls, hangedman_vaults_nails,
          nicolae_vaults_big_angled_halls, v_misc_12,
          nicolae_vaults_double_plus_3, nicolae_vaults_ninety_degrees,
          gammafunk_the_bubble [the_bubble_gammafunk_split],
          nicolae_vaults_storage_closets_2, nicolae_vaults_storage_closets_1,
          vaults_room_door_ring, layout_vaults_big_cross, uniq_boris
Vaults:4: nicolae_vaults_trapezoid_3, grunt_vaults_trifunnel,
          nicolae_vaults_double_plus_2, vaults_room_octagon,
          ontoclasm_vaults_hangar, vaults_room_pools,
          nicolae_vaults_network_square, v_misc_28, layout_vaults_quadrants
Vaults:5
Depths:1: layout_cave_pools, hangedman_decor_clover_reticule, hell_entry,
          xom_teletrap_fun
Depths:2: hourglass_vault, layout_cave_pools, hellmouth_1, mu_enter_wizlab_4,
          serial_shops, nicolae_stop_n_shop_1, shop, nicolae_diamond_shop, shop,
          pan_entry
Depths:3: minmay_big_diamond_grid, layout_basic, enter_ziggurat_d,
          grunt_mini_vestibule, abyss_entry, roderic_nine_men_s_morris,
          grunt_decor_fettered
Depths:4: evilmike_zot_entry_gauntlet, layout_small_grid,
          grunt_hell_entry_dis_mu, minmay_misc_feat_roman, drop_trap
Zot:1:    layout_gridlike
Zot:2:    layout_onion_interference, uniq_tiamat, uniq_vv
Zot:3:    gammafunk_sealed_library, layout_basic
Zot:4:    layout_misc_corridors
Zot:5:    layout_gridlike, hangedman_zot_decor_tridents, grunt_ministairs_7,
          st_stairs_11

Skill      XL: |  1  2  3  4  5  6  7  8  9 10 11 12 13 14 15 16 17 18 19 20 21 22 23 24 25 26 |
---------------+-------------------------------------------------------------------------------+-----
Fighting       | 1 2 3 4 6 7 8 9 10 12 13 14 15 16 17 18 19 20 21 | 21.0
Poison Magic   | 5 6 7 9 10 11 12 | 12.0
Spellcasting   | 3 4 5 6 7 8 9 11 12 | 12.1
Conjurations   | 1 2 3 4 7 9 11 12 13 14 15 16 | 16.9
Dodging        | 3 4 6 7 8 9 11 12 13 | 13.0
Stealth        | 6 7 9 10 | 10.0
Short Blades   | 4 7 8 10 11 12 | 12.0
Shields        | 2 4 5 6 7 8 10 11 12 | 12.8
Invocations    | 1 4 6 8 9 10 | 10.0
Armour         | 2 4 5 6 8 9 10 12 | 12.5
Hexes          | 5 9 10 11 13 | 13.6
Fire Magic     | 1 5 9 |  9.7
Earth Magic    | 5 8 10 12 13 14 15 16 | 16.4
Transmutations | |  1.0

Action                     |  1- 3 |  4- 6 |  7- 9 | 10-12 | 13-15 | 16-18 | 19-21 | 22-24 | 25-27 || total
---------------------------+-------+-------+-------+-------+-------+-------+-------+-------+-------++-------
  Melee: Unarmed           |     2 |       |       |       |       |       |       |       |       ||     2
         Dagger            |    32 |   110 |    92 |   161 |       |       |       |       |       ||   395
         Punch             |     2 |     2 |     2 |       |       |       |       |       |       ||     6
         Halberd           |       |       |    82 |   178 |       |       |       |       |       ||   260
         Quick blade       |       |       |       |   122 |   956 |  1383 |  1311 |   672 |   162 ||  4606
         Constrict         |       |       |       |       |   146 |   220 |   192 |   108 |    13 ||   679
         Staff             |       |       |       |       |       |       |       |     7 |     3 ||    10
  Throw: Boomerang         |     5 |     2 |       |     4 |    10 |       |       |       |       ||    21
         Javelin           |       |    12 |    29 |    14 |     1 |     2 |     1 |       |       ||    59
         Throwing net      |       |       |       |       |       |     1 |     1 |       |       ||     2
   Cast: Sting             |    53 |    56 |    22 |     1 |       |       |       |       |       ||   132
         Poisonous Vapours |     9 |    30 |    32 |    10 |     4 |       |       |       |       ||    85
         Mephitic Cloud    |       |     2 |     6 |    41 |    58 |    61 |    70 |    41 |     5 ||   284
         Olgreb's Toxic Ra |       |       |    21 |    78 |   126 |   172 |   175 |   115 |     7 ||   694
         Ignite Poison     |       |       |       |       |     1 |    51 |    43 |    45 |     3 ||   143
         Sticky Flame      |       |       |       |       |       |    57 |    43 |    19 |       ||   119
         Yara's Violent Un |       |       |       |       |       |     1 |     2 |     4 |       ||     7
         Iron Shot         |       |       |       |       |       |       |    41 |   220 |   187 ||   448
         Leda's Liquefacti |       |       |       |       |       |       |     1 |     1 |       ||     2
         Flame Wave        |       |       |       |       |       |       |       |    10 |       ||    10
 Invoke: Slouch            |       |       |       |       |     3 |     3 |       |       |       ||     6
         Step From Time    |       |       |       |       |       |       |       |       |     1 ||     1
Ability: Spit Poison       |       |     5 |    13 |    22 |     6 |     1 |     1 |       |       ||    48
  Evoke: Wand              |       |       |     2 |    18 |     2 |     6 |     4 |       |     6 ||    38
         Phial of floods   |       |       |       |       |       |       |       |     1 |       ||     1
    Use: Potion            |     1 |     2 |     2 |     9 |     5 |     4 |     6 |     1 |    13 ||    43
         Scroll            |       |     6 |     8 |     9 |    16 |     5 |     5 |    12 |    11 ||    72
   Stab: Sleeping          |     1 |       |     3 |     1 |     5 |       |     1 |     2 |       ||    13
         Confused          |       |       |     2 |    24 |    59 |    44 |    43 |    20 |     1 ||   193
         Invisible         |       |       |       |     1 |       |     3 |       |       |       ||     4
         Petrified         |       |       |       |       |     1 |     3 |       |       |       ||     4
         Distracted        |       |       |       |       |       |     1 |       |     1 |       ||     2
         Paralysed         |       |       |       |       |       |       |     1 |       |       ||     1
 Armour: Robe              |    10 |    38 |    67 |   264 |    68 |       |       |       |       ||   447
         Chain mail        |       |       |       |    11 |       |       |       |       |       ||    11
         Skin              |       |       |       |     5 |       |       |       |       |       ||     5
         Plate armour      |       |       |       |       |   201 |   691 |   576 |   418 |   179 ||  2065
  Dodge: Dodged            |    15 |    66 |   118 |   281 |   157 |   373 |   349 |   407 |   226 ||  1992
  Block: Buckler           |       |       |       |   103 |   319 |   277 |    16 |       |    57 ||   772
         Reflection        |       |       |       |       |    23 |    18 |    38 |    32 |     6 ||   117
         Kite shield       |       |       |       |       |       |   640 |   635 |   525 |   117 ||  1917

Table legend: (Time is in decaauts)
 A = Elapsed time spent in this place.
 B = Non-inter-level travel time spent in this place.
 C = Inter-level travel time spent in this place.
 D = Time resting spent in this place.
 E = Time spent auto-exploring this place.
 F = Levels seen in this place.
 G = Mean time per level.
                   A        B        C        D        E       F      G
               +--------+--------+--------+--------+--------+-----+--------+
         Total | 107815 |  95932 |  11883 |   8199 |  66570 |  50 | 2156.3 |
       Dungeon |  31198 |  27653 |   3545 |   3895 |  18557 |  15 | 2079.9 |
        Temple |    231 |    215 |     16 |      0 |    208 |   1 |  231.0 |
          Lair |  13185 |  10931 |   2254 |    981 |   8258 |   5 | 2637.0 |
        Shoals |   8866 |   8436 |    430 |    501 |   6197 |   4 | 2216.5 |
   Spider Nest |  11544 |  10607 |    937 |    876 |   7886 |   4 | 2886.0 |
  Orcish Mines |   5031 |   4237 |    794 |    345 |   2722 |   2 | 2515.5 |
   Elven Halls |   6499 |   6035 |    464 |     34 |   4787 |   3 | 2166.3 |
        Vaults |  15614 |  13958 |   1656 |    153 |  11087 |   5 | 3122.8 |
        Depths |   8586 |   7764 |    822 |    109 |   5931 |   4 | 2146.5 |
           Zot |   3339 |   2378 |    961 |    438 |      0 |   5 |  667.8 |
      Ice Cave |    914 |    914 |      0 |      4 |    322 |   1 |  914.0 |
       Volcano |   2803 |   2803 |      0 |    861 |    611 |   1 | 2803.0 |
               +--------+--------+--------+--------+--------+-----+--------+

Top non-repeatable levels by time:
Spider:4: 3682 daAuts
Vaults:1: 3542 daAuts
   Orc:2: 3467 daAuts
Vaults:3: 3459 daAuts
Spider:2: 3422 daAuts
  Lair:3: 3246 daAuts
Vaults:4: 3146 daAuts
  Lair:1: 3063 daAuts
     D:8: 2875 daAuts
Vaults:5: 2841 daAuts
 Volcano: 2803 daAuts
Depths:3: 2773 daAuts
   Zot:5: 2752 daAuts
   Elf:1: 2688 daAuts
    D:13: 2655 daAuts
